AoeStats
← Blazing Cartesia, The Virtuous

Arabia

510343359Analyzed
1v1 RM · 13h ago on Sep 30, 2026· 30m 47s· 2 players
Game mode
Random Map
Map size
Tiny (2 player)
Population
200
Speed
Normal
Resources
Standard
Victory
Conquest
Starting age
Dark Age
Ending age
Imperial Age
RankedLock teamsTeams togetherTeam positionsShared explorationLock speedFull tech treeHidden civsTurbo modeCheats
Victory
Defeat
1247
+16
🇪🇨 Dravidians · Ecuador
1241
-16
carlobanchon
6:25 Loom
9:24 Feudal Age
9:56 Man-at-Arms
16:17 Fletching
19:12 Town Watch
22:57 Castle Age
21:21 Scale Mail Armor
22:04 Gold Mining
22:22 Double-Bit Axe
23:02 Crossbowman
24:38 Bow Saw
25:30 Bodkin Arrow
25:49 Horse Collar
25:49 Pikeman
28:14 Light Cavalry
Blazing Cartesia, The Virtuous
5:35 Loom
8:37 Feudal Age
9:05 Double-Bit Axe
9:46 Horse Collar
17:13 Wheelbarrow
20:19 Castle Age
18:33 Scale Barding Armor
21:10 Bloodlines
20:54 Gold Mining
21:00 Fletching
21:35 Forging
21:43 Bow Saw
23:47 Heavy Plow
27:51 Hand Cart
30:54 Ballistics
30:41 Husbandry
Connection lost

Rejoining the realm…

Still unreachable

The connection could not be restored.

Session expired

The server has moved on; the page needs a fresh start.